 Dungeon Crawl Stone Soup version 0.27.1-3-gb3d3a73c9e (webtiles) character file.

Game seed: 3491844197033626132

34 Urokeeper the Sneak (level 3, 0/18 HPs)
             Began as a Spriggan Brigand on Oct 11, 2021.
             Slain by an adder (1 damage)
             ... on level 2 of the Dungeon.
             The game lasted 00:03:43 (1005 turns).

Urokeeper the Sneak (Spriggan Brigand)              Turns: 1005, Time: 00:03:44

Health: 0/18       AC:  3    Str:  7    XL:     3   Next: 14%
Magic:  4/4        EV: 16    Int: 12    God:
Gold:   48         SH:  0    Dex: 17    Spells: 2/2 levels left

rFire    . . .     SeeInvis +   a - +2 dagger
rCold    . . .     Faith    .   (shield restricted)
rNeg     . . .     Spirit   .   b - +0 robe
rPois    .         Reflect  .   (helmet restricted)
rElec    .         Harm     .   c - +0 cloak
rCorr    .         Rampage  .   (gloves unavailable)
Will     .....                  (boots unavailable)
Stlth    +++.......             (no amulet)
HPRegen  0.06/turn              (no ring)
MPRegen  0.09/turn              (no ring)

@: very quick
A: very small, no large weapons, unfitting armour, see invisible, speed 3
a: no special abilities


You were on level 2 of the Dungeon.
You visited 1 branch of the dungeon, and saw 2 of its levels.

You collected 48 gold pieces.

Inventory:

Hand Weapons
 a - a +2 dagger (weapon)
Missiles
 d - 2 poisoned darts (quivered)
 e - 2 curare-tipped darts
Armour
 b - a +0 robe (worn)
 c - a +0 cloak (worn)
Scrolls
 f - a scroll of blinking
Potions
 g - a potion of attraction {unknown}
 h - a potion of flight {unknown}


   Skills:
 - Level 1.5 Fighting
 + Level 4.0 Short Blades
 - Level 2.0 Throwing
 - Level 1.3 Dodging
 - Level 5.8 Stealth


You had 2 spell levels left.
You didn't know any spells.
Your spell library was empty.

Dungeon Overview and Level Annotations

Branches:
Dungeon (2/15)

Altars:


Innate Abilities, Weirdness & Mutations

You are very small and have problems with some larger weapons.
You are too small for most types of armour.
You have supernaturally acute eyesight. (SInv)
You cover ground extremely quickly. (Speed+++)


Message History

The adder bites you.
You miss the adder.
The adder is heavily wounded.
The adder bites you.
You are poisoned.
The adder poisons you!
You hit the adder but do no damage.
The adder is heavily wounded.
You feel sick. The adder barely misses you.
You hit the adder.
The adder is severely wounded.
You feel sick. The adder barely misses you.
You closely miss the adder.
The adder is severely wounded.
You feel sick. The adder misses you.
You hit the adder.
The adder is almost dead.
You feel sick. The adder misses you.
You closely miss the adder.
The adder is almost dead.
The adder closely misses you.
You miss the adder.
The adder is almost dead.
You feel sick. The adder closely misses you.
You closely miss the adder.
The adder is almost dead.
You feel sick. The adder misses you.
You hit the adder.
The adder is almost dead.
You feel sick.
You are no longer poisoned.
The adder closely misses you.
You hit the adder but do no damage.
The adder is almost dead.
The adder bites you.
* * * LOW HITPOINT WARNING * * *
You hit the adder but do no damage.
The adder is almost dead.
The adder bites you.
You die...

#. .........# #. ###.......#
#S ####.#..# #. #.#..# #.
#####.##.## # #g#####...
#...#.##..# #.#.......#
#...#.##..#
.....###############...#.##.>#
.....(..(.....(S@............#
.....###################.#####
.....# #.# ...... #.# ......
#.# .>.... #.# #+##... #.# #.
#.# #.#


You could see an adder.

Vanquished Creatures
  A dart slug (D:1)
  A ball python (D:1)
  2 bats (D:1)
  3 endoplasms (D:1)
  2 giant cockroaches (D:1)
  5 goblins (D:1)
  3 hobgoblins (D:1)
  3 quokkas (D:1)
  2 kobolds (D:1)
  4 rats (D:1)
26 creatures vanquished.

Notes
Turn   | Place    | Note
-------+----------+-------------------------------------------
     0 | D:1      | Urokeeper the Spriggan Brigand began the quest for the Orb.
     0 | D:1      | Reached XP level 1. HP: 10/10 MP: 2/2
   222 | D:1      | Reached XP level 2. HP: 11/14 MP: 3/3
   736 | D:1      | Reached XP level 3. HP: 18/18 MP: 4/4
  1005 | D:2      | Slain by an adder

Illustrated notes

Levels and vault maps discovered:
D:1:      dpeg_arrival_three_smaller_balls, layout_loops_ring
D:2:      layout_basic, chequers_ecumenical_altar_lobes, uniq_terence

Skill      XL: |  1  2  3 |
---------------+----------+-----
Short Blades   | 3 4 |  4.0
Fighting       | |  1.5
Throwing       | |  2.0
Dodging        | |  1.3
Stealth        | |  5.8

Action                   || total
-------------------------++-------
Melee: Dagger            ||    86
Throw: Dart              ||     8
  Use: Scroll            ||     1
 Stab: Sleeping          ||     9
Armor: Robe              ||    11
Dodge: Dodged            ||    41
